Map: Distant Plane

Players

Musumeci - Winner!

  • Race: Zerg Zerg
  • League: Diamond
  • Spawn Location: 7:00

MichyMoko - Winner!

  • Race: Zerg Zerg
  • Spawn Location: 7:00

Azurik

  • Race: Terran Terran
  • League: Platinum
  • Spawn Location: 5:00

Taurus

  • Race: Protoss Protoss
  • League: Diamond
  • Spawn Location: 5:00

VOD

Have the link to the VOD?

Description

Time

  • Played on: March 26, 2017, 11:15 a.m.
  • Length: 15:01
Show
View Real Time Build Order
Export as new Build Order

Musumeci Zerg - Winner!

Build Orders: Hatch First 

Get SALT Encoding   

  12  0:01  Drone  
  13  0:09  Drone  
  14  0:17  Overlord  
  14  0:24  Drone, Extractor  
  15  0:35  Drone  
  15  0:36  Drone  
  17  0:44  Drone  
  18  1:10  Hatchery  
  17  1:22  Spawning Pool  
  17  1:23  Drone x3  
  19  1:34  Drone  
  20  1:45  Drone  
  20  1:55  Overlord  
  20  2:06  Drone  
  21  2:13  Queen  
  23  2:17  Drone  
  23  2:21  Queen  
  27  2:22  Drone  
  27  2:27  Drone  
  28  2:30  Extractor  
  28  2:32  Drone  
  28  2:36  Extractor  
  27  2:40  Drone  
  27  2:43  Drone  
  29  2:48  Queen  
  29  2:49  Drone  
  29  2:50  Roach Warren  
  32  2:58  Drone  
  32  3:06  Overlord  
  32  3:12  Drone x2  
  34  3:18  Drone  
  35  3:21  Drone  
  35  3:23  Overlord  
  36  3:30  Roach  
  36  3:31  Roach x3  
  44  3:44  Roach x4  
  52  4:03  Overlord x3  
  52  4:11  Overlord x3  
  52  4:15  Lair  
  52  4:27  Drone x3  
  52  4:28  Drone x3  
  58  4:33  Drone  
  58  4:36  Drone x3  
  61  4:54  Extractor  
  61  4:58  Drone  
  61  4:59  Drone  
  62  5:01  Spore Crawler  
  61  5:07  Ravager  
  61  5:08  Ravager x2  
  64  5:23  Roach x5  
  72  6:05  Glial Reconstitution  
  72  6:20  Roach x2  
  72  6:22  Overlord  
  72  6:23  Overlord x5  
  76  6:29  Drone, Extractor  
  76  6:34  Overseer  
  76  6:40  Ravager x2  
  76  6:41  Ravager x4  
  76  6:43  Drone x2  
  76  6:45  Drone x3  
  87  7:06  Roach  
  87  7:07  Roach x9  
  104  7:29  Roach x6  
  107  7:50  Roach x4  
  96  8:12  Roach x4  
  106  8:13  Roach x4  
  94  8:50  Roach  
  94  8:51  Roach x6  
  92  9:38  Roach x11  
  110  9:51  Queen  
  110  9:52  Queen  
  76  10:29  Burrow  
  64  10:47  Roach x10  
  64  10:48  Roach x5  
  84  10:56  Queen  
  86  11:49  Roach x3  
  84  11:59  Roach x4  
  72  12:03  Zergling x2  
  72  12:04  Zergling x28  
  87  12:12  Tunneling Claws  
  79  12:29  Metabolic Boost  
  73  12:37  Roach  
  73  12:43  Roach  
  73  12:45  Zergling x22  
  73  12:46  Queen  
  73  12:48  Queen x5  
  73  12:49  Spore Crawler x2  
  82  12:52  Spore Crawler x2  
  82  12:53  Spore Crawler x2  
  78  13:16  Roach x9, Extractor  
  78  13:17  Hatchery, Extractor  
Show
View Real Time Build Order
Export as new Build Order

MichyMoko Zerg - Winner!

Build Orders: Hatch First 

Get SALT Encoding   

  12  0:01  Drone  
  13  0:13  Overlord  
  13  0:18  Drone  
  14  0:31  Drone x2  
  14  0:35  Drone  
  17  0:57  Drone  
  17  1:03  Hatchery  
  17  1:12  Spawning Pool  
  17  1:15  Drone  
  17  1:22  Drone, Extractor  
  17  1:24  Drone  
  18  1:29  Drone  
  19  1:40  Drone  
  20  1:52  Drone  
  21  2:11  Overlord  
  21  2:14  Queen  
  23  2:15  Queen  
  23  2:17  Zergling x2  
  23  2:18  Zergling x2  
  27  2:26  Metabolic Boost  
  27  2:28  Zergling x2  
  28  2:33  Drone x2  
  30  2:42  Drone  
  31  2:44  Drone  
  31  2:50  Drone  
  33  3:02  Roach Warren  
  33  3:03  Zergling x2  
  33  3:04  Drone  
  32  3:44  Queen  
  32  3:46  Roach  
  32  3:47  Overlord x2  
  36  3:52  Extractor  
  36  3:53  Lair  
  35  3:58  Zergling x2  
  36  4:05  Roach  
  36  4:06  Roach x3  
  36  4:07  Overlord  
  44  4:13  Drone x3  
  47  4:18  Roach x2  
  47  4:24  Drone  
  52  4:25  Overlord  
  52  4:36  Overlord  
  52  4:37  Roach x2, Overlord  
  56  4:42  Spore Crawler  
  56  4:44  Spore Crawler  
  54  4:53  Queen  
  54  4:54  Hydralisk Den  
  55  5:06  Ravager  
  56  5:15  Overseer  
  56  5:23  Roach  
  56  5:24  Roach x2  
  62  5:46  Roach x3  
  62  5:47  Roach x2  
  67  6:01  Hydralisk  
  69  6:06  Extractor  
  69  6:08  Drone x9  
  69  6:09  Drone  
  78  6:13  Extractor  
  77  6:20  Ravager  
  77  6:21  Ravager  
  79  6:31  Overlord x2  
  79  6:33  Drone  
  80  6:46  Drone, Evolution Chamber  
  80  6:47  Drone x2  
  80  6:48  Evolution Chamber  
  81  6:57  Drone x3  
  84  7:01  Hydralisk  
  86  7:24  Hydralisk  
  86  7:27  Hydralisk  
  86  7:29  Hatchery  
  89  7:34  Drone  
  89  7:35  Drone x2  
  92  7:38  Overlord  
  92  7:53  Roach x2  
  92  7:54  Roach  
  88  8:38  Zergling x12  
  88  8:39  Zergling x16  
  100  8:55  Roach  
  100  8:56  Roach x3  
  86  9:29  Hydralisk x9  
  82  9:57  Hydralisk x6  
  77  10:16  Hydralisk  
  77  10:17  Hydralisk x10  
  97  10:28  Hydralisk x3  
  97  10:33  Hydralisk  
  91  10:50  Hydralisk x4  
  80  12:00  Hydralisk  
  80  12:01  Hydralisk x12  
  82  12:03  Overlord  
  106  12:14  Extractor  
  105  12:16  Extractor  
  104  12:23  Queen  
  104  12:25  Hydralisk  
  104  12:26  Hydralisk x3  
  104  12:29  Overlord x2  
  114  12:32  Overlord  
  110  13:07  Hydralisk  
  110  13:08  Hydralisk x8  
  124  13:21  Muscular Augments  
  118  13:33  Hydralisk x4  
  118  13:34  Hydralisk  
  126  14:17  Hydralisk x5  
Show
View Real Time Build Order
Export as new Build Order

Azurik Terran 

Build Orders: Liberator Opening 

Get SALT Encoding   

  12  0:01  SCV  
  13  0:13  SCV  
  14  0:19  Supply Depot  
  14  0:25  SCV  
  15  0:40  SCV  
  15  0:42  Barracks  
  16  0:52  Refinery, SCV  
  17  1:04  Refinery, SCV  
  18  1:16  SCV  
  19  1:29  SCV  
  20  1:33  Marine, Supply Depot  
  21  1:41  SCV  
  21  1:46  Factory  
  22  1:51  Marine  
  23  1:55  SCV  
  24  2:08  Orbital Command  
  24  2:11  Marine  
  25  2:34  SCV  
  25  2:36  Factory Reactor  
  26  2:40  Marine  
  26  2:41  Starport  
  27  2:44  Supply Depot  
  27  2:51  Engineering Bay  
  27  2:57  Marine  
  28  3:03  SCV  
  29  3:10  Barracks  
  29  3:13  Widow Mine  
  29  3:15  SCV  
  32  3:25  Liberator  
  32  3:40  Marine  
  33  3:42  Widow Mine  
  33  3:47  SCV  
  33  3:48  Supply Depot  
  39  3:50  Widow Mine  
  41  4:13  Command Center  
  41  4:17  Barracks Tech Lab  
  41  4:18  Marine  
  42  4:32  Viking  
  42  4:37  Supply Depot  
  44  4:44  Missile Turret  
  44  4:46  Combat Shields  
  44  5:12  SCV  
  42  5:41  Viking  
  44  5:42  Widow Mine  
  44  5:43  Widow Mine  
  44  5:44  Marine x2  
  50  5:52  Starport  
  48  6:00  Supply Depot  
  48  6:02  Marine x2  
  45  6:20  Marine x2  
  45  6:25  Widow Mine x2  
  47  6:28  Orbital Command  
  47  6:29  SCV  
  52  6:34  Refinery  
  52  6:38  Marine x2  
  54  6:41  SCV  
  54  6:45  Command Center  
  55  6:51  Viking  
  57  6:56  Marine  
  57  7:00  Marine  
  59  7:02  Widow Mine  
  59  7:06  Unknown, SCV  
  62  7:13  Marine  
  55  7:18  SCV  
  47  7:35  SCV x2  
  47  7:36  Marine x2  
  46  7:44  Starport Tech Lab x2  
  46  7:45  Widow Mine x2  
  46  7:47  SCV  
  49  7:54  Marine x2  
  49  8:04  Starport  
  47  8:07  Fusion Core  
  47  8:08  Banshee x2  
  53  8:16  Marine x2  
  54  8:27  Widow Mine x2  
  54  8:33  Marine  
  54  8:34  Marine  
  58  8:39  Bunker  
  56  8:41  Bunker  
  56  8:46  SCV  
  57  8:51  Marine  
  57  8:52  Banshee x2  
  64  8:56  Marauder  
  64  8:58  SCV  
  67  9:04  Starport Tech Lab  
  67  9:06  Widow Mine, Cyclone  
  70  9:10  SCV  
  62  9:26  Battlecruiser  
  63  9:35  Widow Mine  
  62  9:43  Battlecruiser  
  62  9:45  Marine x2  
  67  9:56  Battlecruiser  
  67  9:59  SCV  
  71  10:02  Marine  
  72  10:07  Cyclone  
  72  10:11  SCV  
  72  10:17  Weapon Refit  
  70  10:23  SCV  
  70  10:26  SCV x2  
  70  10:27  Fusion Core  
  71  10:35  SCV  
  71  10:37  Marine  
  71  10:38  Marine  
  71  10:41  Banshee  
  66  11:18  SCV x3  
  69  11:22  Battlecruiser  
  69  11:29  Marine  
  69  11:30  SCV, Marine  
  67  11:34  Barracks  
  59  11:47  Marine x2  
  59  11:48  Planetary Fortress  
  57  11:54  Orbital Command  
  57  12:05  Marine  
  57  12:07  Widow Mine x2  
  62  12:10  Marine  
  63  12:23  Marine  
  63  12:27  SCV  
  63  12:28  Marine  
  66  12:31  SCV x2  
  68  12:38  Marine  
  68  12:39  SCV  
  68  12:41  Marine  
  68  12:43  SCV  
  66  12:45  Marine  
  66  12:56  Marine  
  64  12:59  Marine  
  65  13:10  Marine  
  66  13:16  SCV x2, Marine  
  69  13:28  SCV, Marine  
  69  13:33  Liberator  
  32  13:50  Battlecruiser  
  33  14:14  Bunker  
  33  14:15  Widow Mine  
Show
View Real Time Build Order
Export as new Build Order

Taurus Protoss 

Build Orders: 1 Gate Expand, Mass Adepts 

Get SALT Encoding   

  12  0:01  Probe (Chrono Boost)  
  13  0:12  Probe (Chrono Boost)  
  14  0:17  Pylon  
  14  0:26  Probe (Chrono Boost)  
  15  0:41  Gateway  
  15  0:45  Probe (Chrono Boost)  
  16  0:55  Probe (Chrono Boost)  
  17  1:11  Probe (Chrono Boost)  
  18  1:20  Nexus  
  18  1:32  Probe (Chrono Boost)  
  19  1:38  Cybernetics Core  
  20  1:47  Probe (Chrono Boost)  
  20  1:52  Assimilator  
  20  1:57  Probe (Chrono Boost)  
  20  1:59  Pylon  
  21  2:11  Probe (Chrono Boost)  
  21  2:12  Assimilator  
  22  2:25  Probe (Chrono Boost)  
  23  2:30  Adept  
  25  2:37  Warp Gate  
  25  2:38  Probe (Chrono Boost)  
  26  2:45  Probe (Chrono Boost)  
  27  2:55  Probe (Chrono Boost)  
  28  2:59  Adept  
  28  3:00  Gateway  
  28  3:01  Gateway  
  28  3:04  Pylon  
  30  3:15  Gateway  
  30  3:19  Twilight Council  
  28  3:21  Pylon  
  28  3:26  Probe (Chrono Boost)  
  31  3:27  Mothership Core (Chrono Boost)  
  31  3:51  Resonating Glaives  
  31  4:00  Adept  
  31  4:01  Adept x2  
  37  4:03  Adept  
  39  4:10  Probe (Chrono Boost)  
  39  4:12  Probe (Chrono Boost)  
  41  4:25  Probe (Chrono Boost)  
  41  4:27  Pylon, Probe (Chrono Boost)  
  41  4:30  Pylon  
  44  4:39  Probe (Chrono Boost)  
  44  4:44  Probe (Chrono Boost)  
  45  4:50  Adept x3  
  45  4:51  Adept, Probe (Chrono Boost)  
  54  5:01  Probe (Chrono Boost)  
  54  5:03  Probe (Chrono Boost)  
  56  5:12  Probe (Chrono Boost)  
  58  5:15  Probe (Chrono Boost)  
  58  5:48  Adept x2  
  58  5:49  Adept x2  
  54  6:28  Adept x4  
  62  6:33  Charge  
  62  6:34  Robotics Facility  
  62  6:37  Pylon  
  62  6:38  Probe (Chrono Boost)  
  64  6:40  Gateway, Assimilator, Probe (Chrono Boost)  
  64  6:41  Gateway  
  64  6:43  Gateway, Assimilator  
  64  6:48  Protoss Air Weapons Level 1  
  64  6:49  Probe (Chrono Boost)  
  64  6:52  Probe (Chrono Boost)  
  66  6:59  Stargate, Probe (Chrono Boost)  
  67  7:02  Forge x2, Pylon  
  67  7:04  Probe (Chrono Boost)  
  67  7:05  Adept  
  67  7:06  Adept x2  
  74  7:09  Adept  
  76  7:17  Immortal  
  80  7:25  Probe x2 (Chrono Boost)  
  84  7:37  Probe (Chrono Boost)  
  84  7:38  Probe (Chrono Boost)  
  82  7:45  Pylon  
  82  7:48  Pylon  
  82  7:50  Adept  
  82  7:51  Adept  
  74  8:16  Stalker x2  
  74  8:17  Stalker x2  
  76  8:24  Stalker  
  65  8:31  Photon Cannon  
  50  8:42  Nexus  
  43  8:50  Void Ray  
  40  9:03  Sentry x2  
  40  9:04  Stalker  
  36  9:29  Adept x2  
  36  9:31  Sentry  
  18  9:54  Zealot x2  
  16  10:22  Probe (Chrono Boost)  
  13  10:45  Probe (Chrono Boost)  
  13  11:09  Probe (Chrono Boost)  
  14  11:19  Probe (Chrono Boost)  
  15  11:25  Pylon  
  14  12:01  Probe (Chrono Boost)  
  14  12:05  Cybernetics Core  
  15  12:09  Assimilator  
  15  12:12  Probe (Chrono Boost)  
  15  12:15  Nexus  
  17  12:22  Probe (Chrono Boost)  
  17  12:28  Assimilator  
  17  12:33  Probe (Chrono Boost)  
  18  12:44  Probe (Chrono Boost)  
  19  12:54  Probe (Chrono Boost)  
  20  13:00  Stargate  
  20  13:02  Stargate  
  20  13:08  Probe (Chrono Boost)  
  21  13:39  Void Ray  
  21  13:40  Probe (Chrono Boost)  
  21  13:41  Probe (Chrono Boost)  
  27  13:51  Probe (Chrono Boost)  
  27  13:53  Probe (Chrono Boost)  
  27  14:20  Probe (Chrono Boost)  
  14  14:32  Probe (Chrono Boost)  
Tags
 
Add a new tag
Caveats
  • Supply blocks, unpowered buildings, or Contaminate may cause inaccurate times.
  • Supply counts are checked every 10 seconds.